 Dungeon Crawl Stone Soup version 0.21-a0-2-ge494091 (webtiles) character file.

36 mopl the Sneak (level 3, -4/32 HPs)
             Began as a Naga Assassin on May 22, 2017.
             Slain by Natasha (6 damage)
             ... on level 2 of the Dungeon.
             The game lasted 00:01:15 (734 turns).

mopl the Sneak (Naga Assassin)                       Turns: 734, Time: 00:01:16

Health: -4/32      AC:  4    Str: 13    XL:     3   Next: 37%
Magic:  3/3        EV:  9    Int: 11    God:
Gold:   44         SH:  0    Dex: 13    Spells: 2/2 levels left

rFire    . . .     SeeInvis +   a - +2 dagger
rCold    . . .     Gourm    .   (no shield)
rNeg     . . .     Faith    .   c - +0 robe
rPois    +         Spirit   .   (no helmet)
rElec    .         Reflect  .   d - +0 cloak
rCorr    .         Harm     .   m - +0 pair of gloves
MR       .....                  (no barding)
Stlth    +++.......             (no amulet)
Regen    0.1/turn               j - ring of flight
MPRegen  0.1/turn               (no ring)

@: lethally poisoned (-4 -> -7), very slow
A: see invisible, deformed body, poison resistance, slowness 2, slow metabolism
1, spit poison 1, AC +1
a: Spit Poison, Evoke Flight


You were on level 2 of the Dungeon.
You were not hungry.

You visited 1 branch of the dungeon, and saw 2 of its levels.

You collected 44 gold pieces.

Inventory:

Hand Weapons
 a - a +2 dagger (weapon)
 b - a +0 blowgun
Missiles
 e - 4 poisoned needles
 f - 2 curare-tipped needles
 n - 3 tomahawks (quivered)
Armour
 c - a +0 robe (worn)
 d - a +0 cloak (worn)
 m - a +0 pair of gloves (worn)
Jewellery
 j - a ring of flight (left hand)
Scrolls
 k - a scroll of remove curse {unknown}
Potions
 h - a potion of invisibility {unknown}
 i - 2 potions of curing {unknown}
 l - a potion of agility {unknown}
 o - a potion of heal wounds {unknown}
Comestibles
 g - 2 bread rations


   Skills:
 - Level 2.0 Fighting
 + Level 2.6 Short Blades
 - Level 1.7 Throwing
 - Level 0.7 Dodging
 * Level 7.1 Stealth


You had 2 spell levels left.
You didn't know any spells.

Dungeon Overview and Level Annotations

Branches:
Dungeon (2/15)

Altars:
Ashenzari

Annotations:
D:2 Natasha


Innate Abilities, Weirdness & Mutations

You cannot wear boots.
Your serpentine skin is tough. (AC +1)
You have supernaturally acute eyesight. (SInv)
Armour fits poorly on your strangely shaped body.
Your system is resistant to poisons. (rPois)
You cover ground very slowly.
You have a slow metabolism.
You can spit poison.


Message History

Natasha is lightly wounded.
You feel sick.
Natasha mumbles some strange words.
You hit Natasha.
Natasha is moderately wounded.
Natasha claws you but does no damage.
You closely miss Natasha.
Natasha is moderately wounded.
The shadow imp hits you. Natasha claws you but does no damage.
You hit Natasha.
Natasha is moderately wounded.
The shadow imp barely misses you.
Natasha mumbles some strange words.
You barely miss Natasha.
Natasha is moderately wounded.
The shadow imp gestures at you. Pain shoots through your body!
* * * LOW HITPOINT WARNING * * *
Natasha claws you.
You die...

#.# #.#
#.# #.#
#.# #.##
#..#
##5# #@#
#h#
####.#
#...5##
#.....#
#.†...#
#......#
####(..#
+_#...#


You could see Natasha, a white imp and a shadow imp.

Vanquished Creatures
  An adder (D:2)
  A leopard gecko (D:2)
  2 giant cockroaches (D:1)
  3 goblins
  5 hobgoblins (D:1)
  A kobold (D:1)
  A ball python (D:1)
  7 bats (D:1)
  2 frilled lizards (D:1)
  2 rats (D:1)
25 creatures vanquished.

Notes
Turn   | Place    | Note
-------+----------+-------------------------------------------
     0 | D:1      | mopl the Naga Assassin began the quest for the Orb.
     0 | D:1      | Reached XP level 1. HP: 19/19 MP: 1/1
    19 | D:1      | Reached skill level 6 in Stealth
   137 | D:1      | Reached XP level 2. HP: 26/26 MP: 2/2
   638 | D:1      | Reached XP level 3. HP: 31/32 MP: 3/3
   709 | D:2      | Found a shattered altar of Ashenzari.
   713 | D:2      | Reached skill level 7 in Stealth
   715 | D:2      | Noticed Natasha
   734 | D:2      | Slain by Natasha

Vault maps used:
D:1:      denvon_arrival_hothouse
D:2:      lemuel_doored_altar, ashenzari_conservatory_becter, first_bread,
          grunt_dithmenos_smoke, uniq_natasha, uniq_jessica

Skill      XL: |  1  2  3 |
---------------+----------+-----
Stealth        | 6 7 |  7.1
Fighting       | |  2.0
Short Blades   | |  2.6
Throwing       | |  1.7
Dodging        | |  0.7

Action                   || total
-------------------------++-------
Melee: Dagger            ||    67
 Fire: Blowgun           ||     4
 Abil: Spit Poison       ||     1
 Stab: Sleeping          ||     9
Armor: Robe              ||    20
Dodge: Dodged            ||    43
